 Dungeon Crawl Stone Soup version 0.28-a0-511-gcc94558de3 (webtiles) character file.

Game seed: 10639717599509870144

114090 Zenkrye the Spry (level 17, -13/174 HPs)
             Began as a Djinni Hedge Wizard on Sept 21, 2021.
             Was the Champion of Makhleb.
             Mangled by an alligator snapping turtle (27 damage)
             ... on level 1 of the Shoals.
             The game lasted 02:08:04 (29980 turns).

Zenkrye the Spry (Djinni Hedge Wizard)             Turns: 29980, Time: 02:08:04

Health: -13/174    AC: 35    Str:  9    XL:     17   Next: 19%
Gold:   2871       EV: 25    Int: 22    God:    Makhleb [******] SH:  0 Dex: 14

rFire   + + .      SeeInvis +   e - staff of earth
rCold   x . .      Faith    .   (no shield)
rNeg    + . .      Spirit   .   (armour currently unavailable)
rPois   ∞          Reflect  .   b - +0 helmet
rElec   +          Harm     .   T - +0 cloak
rCorr   .          Rampage  .   (gloves currently unavailable)
Will    .....                   (boots unavailable)
Stlth   ++........              Q - amulet of regeneration
HPRegen 1.39/turn               v - +4 ring of evasion
MPRegen 0.00/turn               K - ring of see invisible

@: statue-form, weak-willed, flying, mesmerised, hasted
A: slow and powerful, torment resistance 1, flying, boosted hp, sickness
immunity, fire resistance 2, cold vulnerability 1, float, innate caster, hp
casting, extra vitality 1
a: End Transformation, Renounce Religion, Minor Destruction, Lesser Servant of
Makhleb, Major Destruction, Greater Servant of Makhleb


You were on level 1 of the Shoals.
You worshipped Makhleb.
Makhleb was exalted by your worship.
You were a living statue of rough stone.
You visited 6 branches of the dungeon, and saw 27 of its levels.

You collected 3609 gold pieces.
You spent 738 gold pieces at shops.

Inventory:

Hand Weapons
 p - a +4 broad axe
 q - a +8 morningstar of venom
 u - the +8 dagger "Guas Kaurphi" {vorpal, rC+ Dex+6}
   (You bought it in a shop on level 1 of the Elven Halls)

   It inflicts extra damage upon your enemies.
   Dex:       It affects your dexterity (+6).
   rC:        It protects you from cold.
 X - the +6 hand crossbow of Qiuppiv {penet, rElec}
   (You bought it in a shop on level 2 of the Orcish Mines)

   Any ammunition fired by it passes through the targets it hits, potentially
   hitting all targets in its path until it reaches maximum range.
   rElec:     It insulates you from electricity.
 Z - a +1 vampiric broad axe
Missiles
 j - 5 throwing nets {!f}
 n - 805 stones
 z - 6 boomerangs of dispersal (quivered)
 J - 6 curare-tipped darts
 V - 8 silver boomerangs
 Y - 116 bolts
Armour
 a - a +2 robe of the Archmagi (melded)
 b - a +0 helmet (worn)
 A - +5 swamp dragon scales
 N - the +3 steam dragon scales of Defiance {rC+ Will++ Dex-5}
   (You found it on level 11 of the Dungeon)

   Dex:       It affects your dexterity (-5).
   rC:        It protects you from cold.
   Will:      It greatly increases your willpower.
 O - a +2 pair of gloves (melded)
 T - a +0 cloak (worn)
Magical Staves
 e - a staff of earth (weapon)
 t - a staff of cold
 S - a staff of fire
Jewellery
 c - a ring of protection from cold
 f - a ring of protection from fire
 v - a +4 ring of evasion (left fist)
 w - a ring of wizardry
 K - a ring of see invisible (right fist)
 P - a +4 ring of protection
 Q - an amulet of regeneration (around neck)
 U - a ring of willpower
Wands
 h - a wand of iceblast (7) {@v4}
 s - a wand of digging (24) {@v1}
 C - a wand of flame (14)
 D - a wand of acid (19) {@v2}
 I - a wand of paralysis (9)
 R - a wand of mindburst (15)
Scrolls
 d - 6 scrolls of teleportation {@r3}
 i - 4 scrolls of identify {@r1}
 r - 4 scrolls of immolation
 y - 6 scrolls of magic mapping
 E - 2 scrolls of fog
 G - 4 scrolls of fear
 H - a scroll of holy word
 L - 2 scrolls of blinking {@r4}
Potions
 g - 2 potions of heal wounds {@q2}
 k - 2 potions of haste {@q3}
 l - 5 potions of brilliance
 m - a potion of might {@q4}
 o - 6 potions of curing {@q1}
 x - 2 potions of mutation
 B - a potion of resistance {@q6}
 W - 3 potions of cancellation
Miscellaneous
 F - a tin of tremorstones (2/2)
 M - a condenser vane


   Skills:
 + Level 16.3 Fighting
 - Level 5.0 Armour
 + Level 17.9 Dodging
 - Level 1.5 Stealth
 * Level 13.3 Spellcasting
 - Level 5.0 Invocations
 - Level 3.0 Evocations


You couldn't memorise any spells.
You knew the following spells:

 Your Spells              Type           Power      Damage    Failure   Level
a - Scorch                Fire           100%       2d10      1%          2
b - Blink                 Tloc           N/A        N/A       1%          2
c - Call Imp              Summ           65%        N/A       1%          2
d - Slow                  Hex            65%        N/A       1%          2
e - Conjure Flame         Conj/Fire      65%        6-21      1%          3
f - Mephitic Cloud        Conj/Pois/Air  65%        N/A       1%          3
g - Magic Dart            Conj           100%       1d8       1%          1
h - Sandblast             Erth           100%       2d20      1%          1
i - Summon Guardian Gole  Hex/Summ       65%        N/A       1%          3
j - Summon Ice Beast      Ice/Summ       65%        N/A       1%          4
k - Alistair's Intoxicat  Tmut/Pois      43%        N/A       1%          5
l - Statue Form           Tmut/Erth      55%        N/A       2%          6
m - Malign Gateway        Summ/Tloc      32%        N/A       16%         7
w - Lightning Bolt        Conj/Air       32%        1d50      1%          5
Your spell library was empty.

Dungeon Overview and Level Annotations

Branches:
Dungeon (15/15)            Temple (1/1) D:6            Lair (6/6) D:9
 Shoals (1/4) Lair:4       Spider (0/4) Lair:2        Slime (0/5) Lair:5
    Orc (2/2) D:12            Elf (2/3) Orc:2        Vaults (0/5) D:14
 Depths (0/4) D:15

Altars:
Ashenzari
Cheibriados
Dithmenos
Elyvilon
Gozag
Kikubaaqudgha
Makhleb
Okawaru
Ru
Trog
Uskayaw
Xom
Yredelemnul
Zin
The Shining One

Shops:
D:9 :   D:12 :   D:15 *   Orc:2 [(!:   Elf:1 (

Annotations:
D:8 2 transporters
D:15 3 runed translucent doors, Loulutte's ghost, journeyman DDWr
Lair:5 2 runed translucent doors, Mysukhlell's ghost, journeyman DrTm
Orc:1 1 runed translucent door, Memoes's ghost, journeyman DrFi
Elf:2 Azrael


Innate Abilities, Weirdness & Mutations

You are a living statue of rough stone.
Your actions are slow, but your melee attacks are powerful.
You are resistant to unholy torment.
You are flying.
Your maximum health is greatly increased.
Your equipment is partially melded.
You are immune to sickness and miasma.
You are immune to poison.
Your flesh is very heat resistant. (rF++)
You are vulnerable to cold. (rC-)
You float through the air rather than walking.
You learn spells naturally, not from books.
Your magical power is your life essence.
You have superior vitality. (+4 HP)


Message History

You hear a mighty clap of thunder!
The bolt of lightning hits the faun!
The faun is moderately wounded.
The bolt of lightning hits the snapping turtle!!
The snapping turtle is moderately wounded.
You hear a shout!
The water nymph is no longer more vulnerable to fire.
The alligator snapping turtle is no longer more vulnerable to fire.
Your white imp hits the sea snake.
Your white imp freezes the sea snake.
The sea snake seems to slow down.
The sea snake bites your white imp!!
Your white imp dies!
Your white imp disappears in a puff of smoke!
The faun shoots a stone.
The stone misses you.
The alligator snapping turtle bites you from afar!!
* * * LOW HITPOINT WARNING * * *
The water nymph misses you.
The sea snake hisses angrily.
You feel yourself speed up.
The faun is no longer more vulnerable to fire.
The faun shoots a stone.
The stone hits you but does no damage. The sea snake completely misses you.
The water nymph touches you.
The alligator snapping turtle bites you from afar!
* * * LOW HITPOINT WARNING * * *
The faun shoots a stone.
The stone misses you.
Casting: Lightning Bolt (mildly dangerous; 1% risk of failure)
Confirm with . or Enter, or press ? or * to list all spells.
You blink.
A merfolk siren comes into view. It is wielding a +0 spear.
* * * LOW HITPOINT WARNING * * *
The manticore flicks its tail.
The volley of spikes misses you.
The sea snake bites your guardian golem.
The merfolk siren chants a haunting song.
You are mesmerised by the merfolk siren!
The water nymph casts a spell at you. The water rises up and strikes you!
* * * LOW HITPOINT WARNING * * *
The sea snake bites your guardian golem.
The alligator snapping turtle bites you from afar!!
You die...

≈≈≈≈. ......≈≈≈≈≈≈
≈..≈. .....≈≈≈≈≈≈≈≈
≈≈≈≈.. #..≈≈≈≈≈≈≈≈≈≈
≈≈≈≈.. m..≈≈≈≈≈≈≈≈≈
≈≈≈≈.c# ##.H.≈≈≈≈≈≈≈≈
≈≈≈≈... #.≈....≈≈≈≈≈≈
≈≈≈≈≈.t##m≈..#.≈≈≈≈≈≈
#§≈†≈≈≈.^...≈≈≈
.##≈S9≈t≈8..≈....≈
≈≈W≈......≈≈≈≈.≈≈≈≈..≈
≈≈≈≈≈≈≈≈≈≈≈≈≈..≈.≈≈.≈
≈≈≈≈≈≈≈≈.≈≈≈≈≈≈≈..≈.≈
≈≈≈≈≈≈....≈≈≈≈≈≈..###
≈≈≈≈≈≈....≈≈≈≈≈≈≈.##
≈≈≈≈...≈≈≈≈≈≈≈≈....#
≈≈≈≈.###≈≈≈≈≈....#...
#.≈≈≈≈≈.###


You could see an alligator snapping turtle, a sea snake (slow, ally target), a
snapping turtle, a manticore, a merfolk siren (mesmerising), a water nymph and a
friendly guardian golem (summoned).

Vanquished Creatures
  An orc warlord (Orc:2)
  Nessos (Lair:6)
  A deep elf death mage (Elf:1)
  A fire dragon (Lair:6)
  A vault guard (D:14)
  9 hydras
  8 boulder beetles
  Harold (D:11)
  3 centaur warriors
  4 death yaks (Lair:6)
  A death knight (D:14)
  A merfolk avatar (Shoals:1)
  4 two-headed ogres
  2 dancing weapons (Elf:1)
  4 orc high priests (Orc:2)
  Nergalle (D:12)
  2 skeletal warriors (D:13)
  A deep troll (D:14)
  2 orc knights
  A phantasmal warrior (D:13)
  2 lindwurms (Lair:6)
  5 deep elf zephyrmancers
  2 necromancers (Elf:1)
  A wolf spider (D:15)
  9 deep elf pyromancers
  9 slime creatures
  3 ugly things (D:13)
  An oklob plant (Lair:3)
  2 cyclopes
  3 orc sorcerers
  2 manticores
  2 elephants (Lair:3)
  A guardian serpent (shapeshifter) (Elf:1)
  A black mamba (Lair:5)
  A gargoyle (D:12)
  5 torpor snails (Lair:6)
  3 unseen horrors (D:11)
  6 cane toads
  Psyche (D:12)
  3 kobold demonologists (D:14)
  A yaktaur (shapeshifter) (D:13)
  8 komodo dragons
  3 freezing wraiths
  7 polar bears
  2 tyrant leeches (Lair:6)
  A wind drake (Shoals:1)
  4 trolls
  8 meliai
  7 hornets
  Grinder (D:6)
  34 blink frogs
  A raiju (Lair:6)
  2 centaur simulacra (D:11)
  2 vampires (D:12)
  4 wraiths
  2 large abominations (Elf:1)
  2 wyverns
  36 yaks
  2 water elementals
  7 basilisks
  7 vampire mosquitoes
  7 wargs
  7 water moccasins
  13 hell hounds (Lair:6)
  10 black bears
  24 orc warriors
  A sky beast (D:6)
  A black bear (shapeshifter) (D:15)
  5 ice beasts
  7 ogres
  14 wolves
  6 centaurs
  A phantom (D:5)
  4 kobold brigands
  A lemure (D:7)
  2 elf zombies (Elf:1)
  8 bullfrogs
  An earth elemental (Elf:1)
  A scorpion (D:5)
  A water moccasin zombie (D:5)
  A water moccasin skeleton (D:2)
  7 killer bees
  2 vampire bats (D:5)
  14 wights
  A howler monkey (D:6)
  9 electric eels
  A bullfrog zombie (D:5)
  5 centaur zombies
  27 orc priests
  6 hounds
  A jelly (D:7)
  3 iguanas
  A scorpion zombie (D:5)
  35 orc wizards
  2 howler monkey zombies (D:9)
  4 gnolls (Orc:1)
  2 howler monkey skeletons
  6 adders
  2 shadow imps
  10 white imps
  3 ufetubi
  An adder zombie (D:5)
  3 dart slugs
  68 orcs
  6 ball pythons
  11 bats
  6 endoplasms
  5 giant cockroaches
  7 goblins
  5 hobgoblins
  3 jackals (D:2)
  18 kobolds
  4 frilled lizards
  9 rats
654 creatures vanquished.

Vanquished Creatures (collateral kills)
  2 dire elephants
  A two-headed ogre (D:13)
  A death knight (D:14)
  A deep elf pyromancer (Elf:1)
  Pikel (D:7)
  An orc knight (D:15)
  An orc sorcerer (D:15)
  2 cyclopes
  A manticore (D:15)
  2 elephants (Lair:3)
  A cane toad (Lair:3)
  Maggie (D:7)
  A kobold demonologist (D:14)
  4 komodo dragons
  A tengu conjurer (D:14)
  2 trolls
  3 polar bears (Lair:6)
  A tyrant leech (Lair:6)
  3 hornets (Lair:6)
  A hornet (shapeshifter) (Elf:1)
  3 blink frogs
  A wyvern (Lair:3)
  A redback (Lair:2)
  3 fire elementals (Elf:1)
  10 yaks
  2 vampire mosquitoes
  2 wargs
  2 water moccasins
  2 hell hounds (Lair:6)
  4 orc warriors
  3 black bears (Lair:6)
  A centaur (D:11)
  3 wolves (Lair:6)
  A gnoll sergeant (Orc:1)
  2 bullfrogs
  A killer bee (D:8)
  A nameless horror (D:11)
  2 electric eels (D:8)
  A howler monkey (D:7)
  3 orc priests
  5 orc wizards
  A gnoll (Orc:1)
  A howler monkey skeleton (D:7)
  7 orcs
93 creatures vanquished.

Vanquished Creatures (others)
  Rupert (D:12)
  An eldritch tentacle (Elf:1)
  Fannar (D:10)
  A boulder beetle (D:12)
  A centaur warrior (D:14)
  2 death knights (D:13)
  An orc high priest (Orc:1)
  A skeletal warrior (D:13)
  A manticore (D:12)
  A black mamba (Lair:1)
  A cane toad (Lair:1)
  2 gargoyles
  2 elephants (Lair:3)
  A rime drake (Lair:5)
  3 komodo dragons
  A meliai (D:11)
  A raiju (Lair:6)
  A blink frog (Lair:2)
  A centaur simulacrum (D:11)
  6 yaks
  A steam dragon (D:8)
  3 orc warriors
  2 centaurs
  A wolf (Lair:6)
  2 killer bees (D:8)
  An orc wizard (Orc:2)
  An orc (Orc:2)
  28 fungi
  59 plants
128 creatures vanquished.

Grand Total: 875 creatures vanquished

Notes
Turn   | Place    | Note
-------+----------+-------------------------------------------
     0 | D:1      | Zenkrye the Djinni Hedge Wizard began the quest for the
                  | Orb.
     0 | D:1      | Reached XP level 1. HP: 15/15 MP: 0/0
   289 | D:1      | Reached XP level 2. HP: 15/22 MP: 0/0
   537 | D:1      | Reached skill level 1 in Fighting
   924 | D:1      | Reached XP level 3. HP: 26/27 MP: 0/0
   924 | D:1      | Learned a level 1 spell: Sandblast
  1124 | D:1      | Found a faded altar of an unknown god.
  1450 | D:2      | Reached skill level 3 in Dodging
  1683 | D:2      | Reached XP level 4. HP: 30/33 MP: 0/0
  1958 | D:2      | Reached XP level 5. HP: 35/39 MP: 0/0
  1958 | D:2      | Learned a level 2 spell: Scorch
  2772 | D:3      | You are sucked into a shaft and drop 2 floors!
  2772 | D:5      | Entered Level 5 of the Dungeon
  2811 | D:5      | Noticed an ogre
  2871 | D:5      | Reached skill level 4 in Dodging
  2871 | D:5      | Reached XP level 6. HP: 36/45 MP: 0/0
  3120 | D:5      | Killed an ogre
  3306 | D:5      | Reached XP level 7. HP: 40/50 MP: 0/0
  3306 | D:5      | Learned a level 3 spell: Summon Guardian Golem
  3508 | D:5      | Reached skill level 5 in Dodging
  3761 | D:4      | Reached XP level 8. HP: 24/58 MP: 0/0
  4917 | D:5      | Reached skill level 5 in Spellcasting
  5014 | D:5      | Reached skill level 6 in Dodging
  5119 | D:5      | Reached skill level 5 in Fighting
  5761 | D:6      | Noticed Grinder
  5774 | D:6      | Reached XP level 9. HP: 40/65 MP: 0/0
  5774 | D:6      | Learned a level 4 spell: Summon Ice Beast
  5801 | D:6      | Killed Grinder
  5802 | D:6      | Reached skill level 7 in Dodging
  6051 | D:6      | Found a staircase to the Ecumenical Temple.
  6057 | Temple   | Entered the Ecumenical Temple
  6093 | Temple   | Became a worshipper of Makhleb the Destroyer
  7131 | D:7      | Noticed Pikel
  7139 | D:7      | Killed Pikel
  7140 | D:7      | Reached skill level 8 in Dodging
  7297 | D:7      | Reached XP level 10. HP: 48/75 MP: 0/0
  7581 | D:7      | Noticed Maggie
  7592 | D:7      | Killed Maggie
  7914 | D:7      | Reached skill level 1 in Armour
  7919 | D:7      | Reached * piety under Makhleb
  8321 | D:8      | Reached skill level 9 in Dodging
 10063 | D:8      | Found a transporter.
 10064 | D:8      | Found a transporter.
 10064 | D:8      | Noticed a boulder beetle
 10311 | D:8      | Found an iron altar of Okawaru.
 10534 | D:9      | Reached XP level 11. HP: 64/82 MP: 0/0
 10534 | D:9      | Learned a level 5 spell: Alistair's Intoxication
 10907 | D:9      | Reached ** piety under Makhleb
 10910 | D:9      | HP: 4/82 [warg (2)]
 10920 | D:9      | Reached skill level 10 in Dodging
 11329 | D:9      | Found a staircase to the Lair.
 11719 | D:9      | Found Ylaguke's Book Emporium.
 11748 | D:9      | Identified the +3 fustibalus "Doum" {flame, rF- rCorr MP-9}
 11865 | D:9      | Reached skill level 1 in Evocations
 12277 | D:10     | Entered Level 10 of the Dungeon
 13096 | D:10     | Noticed a two-headed ogre
 13105 | D:10     | Killed a two-headed ogre
 13106 | D:10     | Reached skill level 5 in Armour
 13106 | D:10     | Reached skill level 1 in Invocations
 13197 | D:10     | Noticed Fannar
 13745 | D:10     | Killed Fannar
 14219 | D:11     | Noticed a six-headed hydra
 14399 | D:11     | Noticed Harold
 14410 | D:11     | Reached XP level 12. HP: 65/90 MP: 0/0
 14411 | D:11     | Killed Harold
 14443 | D:11     | Reached skill level 11 in Dodging
 14445 | D:11     | Reached *** piety under Makhleb
 14531 | D:11     | Killed a six-headed hydra
 14617 | D:11     | Reached skill level 10 in Fighting
 15832 | D:11     | Identified the +3 steam dragon scales of Defiance {rC+
                  | Will++ Dex-5}
 15904 | Lair:1   | Entered Level 1 of the Lair of Beasts
 16307 | Lair:1   | Reached skill level 5 in Invocations
 16445 | Lair:1   | Reached **** piety under Makhleb
 16805 | Lair:1   | Reached skill level 12 in Dodging
 16808 | Lair:1   | Reached XP level 13. HP: 56/98 MP: 0/0
 16808 | Lair:1   | Learned a level 5 spell: Lightning Bolt
 17642 | Lair:2   | Found a hole to the Spider Nest.
 18231 | Lair:3   | Reached skill level 13 in Dodging
 18380 | Lair:3   | Reached ***** piety under Makhleb
 18787 | Lair:3   | Reached skill level 10 in Spellcasting
 19113 | Lair:3   | Identified a scroll of acquirement
 19113 | Lair:3   | Acquired 790 gold pieces
 19154 | Lair:4   | Found a staircase to the Shoals.
 20160 | D:12     | Noticed Nergalle
 20188 | D:12     | Killed Nergalle
 20189 | D:12     | Reached XP level 14. HP: 51/105 MP: 0/0
 20279 | D:12     | Noticed Psyche
 20286 | D:12     | Killed Psyche
 20346 | D:12     | Noticed Rupert
 20552 | D:12     | Found a staircase to the Orcish Mines.
 20646 | D:12     | Killed Rupert
 20647 | D:12     | Reached skill level 14 in Dodging
 20772 | D:12     | Found Iteulis's Book Emporium.
 21053 | Orc:1    | Entered Level 1 of the Orcish Mines
 21084 | Orc:1    | Found a bloodstained altar of Trog.
 21125 | Orc:1    | Found a runed translucent door.
 21127 | Orc:1    | Found a shimmering altar of Xom.
 21127 | Orc:1    | Noticed Memoes's ghost (journeyman DrFi)
 21683 | Orc:2    | Entered Level 2 of the Orcish Mines
 22107 | Orc:2    | Reached ****** piety under Makhleb
 22268 | Orc:2    | Noticed an orc warlord
 22690 | Orc:2    | Killed an orc warlord
 22907 | Orc:2    | Found Paeddil's Armour Emporium.
 22907 | Orc:2    | Found Umezalet's Distillery.
 22908 | Orc:2    | Found Doym's Book Shoppe.
 22912 | Orc:2    | Found Jukicovoaq's Antique Weapon Emporium.
 22918 | Orc:2    | Bought a potion of haste for 120 gold pieces
 22918 | Orc:2    | Bought 2 potions of cancellation for 192 gold pieces
 23008 | Orc:2    | Found a staircase to the Elven Halls.
 23072 | Orc:2    | Bought a slimy hand crossbow for 195 gold pieces
 23072 | Orc:2    | Identified the +6 hand crossbow of Qiuppiv {penet, rElec}
                  | (You bought it in a shop on level 2 of the Orcish Mines)
 23366 | D:13     | Reached skill level 15 in Dodging
 23374 | D:13     | HP: 4/110 [phantasmal warrior[a death knight] (26)]
 23443 | D:13     | Reached XP level 15. HP: 88/116 MP: 0/0
 23443 | D:13     | Learned a level 6 spell: Statue Form
 24837 | Lair:5   | Reached skill level 16 in Dodging
 24846 | Lair:5   | Found a large runed translucent door.
 24846 | Lair:5   | Found a large runed translucent door.
 24859 | Lair:5   | Noticed Mysukhlell's ghost (journeyman DrTm)
 25164 | Lair:5   | Found a staircase to the Slime Pits.
 25529 | Lair:6   | Entered Level 6 of the Lair of Beasts
 25530 | Lair:6   | Noticed Nessos
 25536 | Lair:6   | Killed Nessos
 25738 | Lair:6   | Reached skill level 15 in Fighting
 25741 | Lair:6   | Reached XP level 16. HP: 105/126 MP: 0/0
 25951 | Lair:6   | Found a runed translucent door.
 26424 | Lair:6   | Reached skill level 17 in Dodging
 27536 | D:14     | Found a gate to the Vaults.
 27630 | D:15     | Entered Level 15 of the Dungeon
 27719 | D:15     | Found Pimited's Neck Hole.
 27758 | D:15     | Noticed Loulutte's ghost (journeyman DDWr)
 28167 | D:15     | Found a runed translucent gate.
 28168 | D:15     | Found a runed translucent gate.
 28169 | D:15     | Found a runed translucent gate.
 28181 | D:15     | Found a staircase to the Depths.
 28572 | Elf:1    | Entered Level 1 of the Elven Halls
 28670 | Elf:1    | Reached XP level 17. HP: 133/133 MP: 0/0
 28670 | Elf:1    | Learned a level 7 spell: Malign Gateway
 28814 | Elf:1    | Found Mokicab's Antique Weapon Emporium.
 28822 | Elf:1    | Bought a transparent dagger for 231 gold pieces
 28822 | Elf:1    | Identified the +8 dagger "Guas Kaurphi" {vorpal, rC+ Dex+6}
                  | (You bought it in a shop on level 1 of the Elven Halls)
 29268 | Elf:1    | Found the amulet of the Air {Inacc Air Fly rElec RMsl}
 29619 | Elf:2    | Noticed Azrael
 29940 | Shoals:1 | Entered Level 1 of the Shoals
 29980 | Shoals:1 | Mangled by an alligator snapping turtle

Illustrated notes

Levels and vault maps discovered:
D:1:      sevenhm_arrival_forest_fort_small_6, layout_loops_ring,
          shapermc_ecumenical_altar_mp_vishouse
D:2:      layout_basic
D:3:      layout_basic, minmay_misc_feat_roman
D:4:      layout_loops_ring
D:5:      layout_loops_corners, columned_hall_lemuel, roderic_batcave,
          kennysheep_pointless_box
D:6:      layout_rooms, minmay_temple_entry_metal_lava, st_stairs_14,
          uniq_grinder
D:7:      layout_loops_cross, uniq_pikel, uniq_maggie
D:8:      gammafunk_boulding_lane, layout_cave_pools, marbit_many_paths,
          serial_bayou, serial_bayou_ford_a, serial_bayou_shore_b,
          serial_bayou_lake_a, serial_bayou_shore_a, serial_bayou_shore_b
D:9:      layout_basic, erik_lair_orcish_takeover, serial_shops, shop
D:10:     layout_basic, uniq_fannar
D:11:     layout_basic, serial_ice, serial_ice_f, serial_ice_b, serial_ice_l,
          serial_ice_h, serial_ice_e, serial_ice_a, serial_ice_n, serial_ice_d,
          portal_ice_cave_entry_pillars_2, st_stairs_13, uniq_harold
D:12:     layout_roguey, david_orc_4, serial_ice, serial_ice_b, serial_ice_o,
          serial_ice_h, serial_ice_g, serial_shops, shop, uniq_nergalle,
          uniq_psyche, uniq_rupert
D:13:     wad_guarded_room, layout_basic
D:14:     layout_cave_pools, david_vaults_5, serial_park_gazebo
          [serial_park_minivault_5x5_2]
D:15:     hangedman_depths_entry_try_elsewhere_first, layout_irregular_city,
          hex_tiny, gammafunk_ghost_icy, nicolae_shop_sticking_my_neck_out
Temple:   compressed_dpeg_circular_temple
Lair:1:   layout_roguey, grunt_megastairs_3
Lair:2:   layout_chaotic_city, spider_nest_entry_a,
          chequers_serial_rivers_micro_b
Lair:3:   layout_regular_city, minmay_lair_oklob_items,
          chequers_serial_rivers_micro_e, cheibrodos_lair_reptile_den
Lair:4:   layout_hall_layers, minmay_shoals_entry_centaurs
Lair:5:   layout_misc_corridors, slime_dummy, ebering_ghost_disaster_area,
          grunt_megastairs_4, infiniplex_staircase_pool
Lair:6:   wormcave, layout_cave_shapes, hangedman_lair_caniforms_friends,
          uniq_nessos
Shoals:1: layout_shoals, nicolae_shoals_so_close, uniq_roxanne, uniq_jorgrun,
          uniq_kirke
Orc:1:    layout_caves, ebering_ghost_xom, basic_altar
Orc:2:    st_orc_mages, layout_diamond_mine
Elf:1:    minmay_elf_arrival_summoners, layout_gridlike, serial_shops,
          nicolae_shop_statue_plus, minmay_elf_necromancy, due_unseen_surprise
Elf:2:    nicolae_elf_blades_crystal_corner, layout_geoelf_octagon,
          einodemon_crawler_minivault, uniq_azrael

Skill      XL: |  1  2  3  4  5  6  7  8  9 10 11 12 13 14 15 16 |
---------------+-------------------------------------------------+-----
Fighting       | 1 2 3 4 5 7 8 9 10 12 13 15 16 | 16.3
Dodging        | 3 4 5 6 8 9 10 12 13 15 16 17 | 17.9
Spellcasting   | 3 4 5 6 7 8 9 10 11 12 13 | 13.3
Armour         | 3 5 |  5.0
Evocations     | 3 |  3.0
Invocations    | 2 5 |  5.0
Stealth        | |  1.5

Action                   |  1- 3 |  4- 6 |  7- 9 | 10-12 | 13-15 | 16-18 || total
-------------------------+-------+-------+-------+-------+-------+-------++-------
Melee: Staff             |       |       |     1 |       |     8 |       ||     9
       Short sword       |       |       |       |       |    46 |       ||    46
       Morningstar       |       |       |       |       |       |    25 ||    25
 Fire: Hand crossbow     |       |       |       |       |     2 |       ||     2
 Cast: Magic Dart        |    61 |    61 |    36 |    34 |     9 |       ||   201
       Sandblast         |     8 |    13 |    17 |     4 |     1 |     2 ||    45
       Scorch            |       |    20 |   113 |   355 |   374 |   102 ||   964
       Conjure Flame     |       |     3 |    15 |    22 |    20 |     4 ||    64
       Summon Guardian G |       |       |     8 |    38 |    51 |    14 ||   111
       Call Imp          |       |       |     2 |     8 |     6 |     3 ||    19
       Mephitic Cloud    |       |       |     1 |     8 |     3 |       ||    12
       Slow              |       |       |     1 |     1 |    18 |     1 ||    21
       Summon Ice Beast  |       |       |     6 |    31 |    47 |    14 ||    98
       Alistair's Intoxi |       |       |       |     2 |    28 |     7 ||    37
       Blink             |       |       |       |     1 |    10 |     6 ||    17
       Lightning Bolt    |       |       |       |       |   325 |   204 ||   529
       Statue Form       |       |       |       |       |    10 |    15 ||    25
       Malign Gateway    |       |       |       |       |       |     1 ||     1
Invok: Lesser Servant of |       |       |       |       |       |    19 ||    19
 Abil: End Transformatio |       |       |       |       |     2 |     2 ||     4
Evoke: Wand              |       |       |       |     5 |     5 |       ||    10
  Use: Scroll            |       |     3 |     9 |     8 |    13 |     4 ||    37
       Potion            |       |       |       |     5 |     1 |     1 ||     7
Armor: Robe              |     3 |     4 |    22 |       |     2 |     3 ||    34
       Swamp dragon scal |       |       |       |    47 |       |       ||    47
       Steam dragon scal |       |       |       |     3 |    46 |       ||    49
       Skin              |       |       |       |       |    34 |   129 ||   163
Dodge: Dodged            |     6 |     6 |    30 |   117 |   299 |   443 ||   901

Table legend: (Time is in decaauts)
 A = Elapsed time spent in this place.
 B = Non-inter-level travel time spent in this place.
 C = Inter-level travel time spent in this place.
 D = Time resting spent in this place.
 E = Time spent auto-exploring this place.
 F = Levels seen in this place.
 G = Mean time per level.
                   A        B        C        D        E       F      G
               +--------+--------+--------+--------+--------+-----+--------+
         Total |  30607 |  28601 |   2006 |   3022 |  20587 |  27 | 1133.6 |
       Dungeon |  20599 |  19368 |   1231 |   2644 |  13802 |  15 | 1373.3 |
        Temple |     56 |     37 |     19 |      0 |     19 |   1 |   56.0 |
          Lair |   6382 |   5979 |    403 |     44 |   4754 |   6 | 1063.7 |
        Shoals |     44 |     44 |      0 |      0 |     12 |   1 |   44.0 |
  Orcish Mines |   2217 |   1969 |    248 |    216 |   1158 |   2 | 1108.5 |
   Elven Halls |   1307 |   1204 |    103 |    118 |    841 |   2 |  653.5 |
               +--------+--------+--------+--------+--------+-----+--------+

Top non-repeatable levels by time:
     D:8: 2187 daAuts
    D:10: 2177 daAuts
     D:5: 1920 daAuts
     D:9: 1844 daAuts
    D:11: 1771 daAuts
     D:7: 1701 daAuts
  Lair:1: 1630 daAuts
  Lair:6: 1578 daAuts
    D:13: 1462 daAuts
    D:12: 1358 daAuts
   Orc:2: 1321 daAuts
   Elf:1: 1262 daAuts
     D:1: 1242 daAuts
     D:4: 1000 daAuts
  Lair:3: 995 daAuts
